 Dungeon Crawl Stone Soup version 0.32-a0-473-gd044c6f0f0 (webtiles) character file.

Game seed: 2772044039955364143

4545 Sabo the Spear-Bearer (level 10, 0/79 (84) HPs)
             Began as a Mountain Dwarf Fighter on Feb 25, 2024.
             Was an Initiate of Gozag.
             Slain by a wight
             ... wielding a +0 battleaxe
              (13 damage)
             ... on level 9 of the Dungeon.
             The game lasted 00:47:51 (8658 turns).

Sabo the Spear-Bearer (Mountain Dwarf Fighter)      Turns: 8658, Time: 00:47:52

HP:   0/79 (84)     AC: 15    Str: 22    XL:     10   Next: 17%
MP:   10/10         EV: 11    Int: 10    God:    Gozag
Gold: 84            SH:  5    Dex:  9    Spells: 9/9 levels left

rFire   . . .        E - +0 hand axe (elec)
rCold   . . .        c - +0 buckler
rNeg    . . .        A - +1 swamp dragon scales
rPois   +            (no helmet)
rElec   .            x - +2 cloak {Will+}
rCorr   .            (no gloves)
SInv    .            t - +0 pair of boots
Will    ++...        (no amulet)
Stlth   +            (no ring)
HPRegen 0.33/turn    (no ring)
MPRegen 0.12/turn

%: no passive effects
@: drained
A: runic magic, artefact enchanting
a: Renounce Religion, Potion Petition, Call Merchant, Bribe Branch


You were on level 9 of the Dungeon.
You worshipped Gozag.
Gozag was noncommittal.
You visited 2 branches of the dungeon, and saw 10 of its levels.

You collected 491 gold pieces.
You spent 255 gold pieces at shops.
You paid 152 gold pieces to Gozag.

Inventory:

Hand Weapons
 b - a +2 flail of protection
 g - a +1 trident of venom
 u - a +0 shortbow
 E - a +0 hand axe of electrocution (weapon)
 F - a +4 morningstar
Missiles
 y - 10 poisoned darts
Armour
 c - a +0 buckler (worn)
 q - the +0 robe of Enoste {rElec rC- Will+ Dex+2}
   (You found it on level 4 of the Dungeon)

   Dex+2:     It affects your dexterity (+2).
   rC-:       It makes you vulnerable to cold.
   rElec:     It insulates you from electricity.
   Will+:     It increases your willpower.
 t - a +0 pair of boots (worn)
 x - a +2 cloak of willpower (worn)
 A - +1 swamp dragon scales (worn)
Talismans
 f - a beast talisman
Wands
 s - a wand of digging (3)
 v - a wand of flame (27)
 z - a wand of polymorph (12)
Scrolls
 h - 2 scrolls of blinking
 l - 4 scrolls of enchant weapon
 o - 2 scrolls of amnesia {unknown}
 r - a scroll of fog
 B - a scroll of fear {unknown}
 C - 2 scrolls of teleportation {unknown}
 D - a scroll of revelation {unknown}
Potions
 a - a potion of berserk rage {unknown}
 d - 2 potions of might
 e - 2 potions of curing
 i - a potion of resistance {unknown}
 j - 2 potions of invisibility {unknown}
 k - a potion of heal wounds {unknown}
 m - a potion of mutation {unknown}
 n - 2 potions of attraction {unknown}
 p - 2 potions of brilliance {unknown}
 w - 2 potions of magic {unknown}


   Skills:
 + Level 6.5 Fighting
 + Level 3.8(8.8) Axes
 + Level 1.4(2.8) Maces & Flails
 + Level 10.3(10.5) Polearms
 + Level 0.1 Throwing
 + Level 7.7 Armour
 + Level 3.2 Dodging
 + Level 1.0 Stealth
 + Level 5.4 Shields


You had 9 spell levels left.
You didn't know any spells.
Your spell library contained the following spells:

 Spells                   Type           Power      Damage    Failure   Level
 Ignite Poison            Fire/Alch      0%         N/A       99%         4
 Sticky Flame             Fire/Alch      0%         2d4       99%         4
 Ignition                 Fire           0%         3d3       100%        8


Dungeon Overview and Level Annotations

Branches:
Dungeon (9/15)             Temple (1/1) D:5
   Lair: D:8-11         Orc: D:9-12

Altars:
Cheibriados
Dithmenos
Elyvilon
Fedhas
Gozag
Hepliaklqana
Kikubaaqudgha
Makhleb
Nemelex Xobeh
Okawaru
Qazlal
Ru
Sif Muna
Trog
Uskayaw
Yredelemnul
The Shining One

Shops:
D:1 !   D:4 (?[?=   D:8 [


Innate Abilities, Weirdness & Mutations

Your spellcasting is much less encumbered by armour.
You can use scrolls of enchantment on lesser artefacts.


Message History

The wight is distracted by your dazzling golden aura.
You block the wight's attack.
You closely miss the wight.
The wight is no longer distracted by gold.
The wight misses you. The wight hits you but does no damage.
You closely miss the wight. The wight hits you with a +5 flail!
The wight barely misses you. The wight closely misses you.
You block the wight's attack.
You sock the wight!
The wight is severely damaged.
Something hits you but does no damage. Something hits you.
You block the wight's attack. The wight closely misses you. Something hits you!
* * * LOW HITPOINT WARNING * * *
You sock the wight!
You destroy the wight!
You block the wight's attack.
You closely miss the wight. Something hits you but does no damage.
The wight hits you from afar with a +0 trident.
* * * LOW HITPOINT WARNING * * *
The wight hits you with a +0 battleaxe!
* * * LOW HITPOINT WARNING * * *
The wight barely misses you.
The wight is distracted by your dazzling golden aura.
You hear the crackle of electricity.
E - a +0 hand axe of electrocution (weapon)
Something hits you but does no damage.
You feel better. Something hits you.
* * * LOW HITPOINT WARNING * * *
The wight barely misses you.
You hit the wight but do no damage.
The wight is no longer distracted by gold.
You miss something. Something hits you.
* * * LOW HITPOINT WARNING * * *
The wight hits you from afar with a +0 trident.
* * * LOW HITPOINT WARNING * * *
You feel drained.
* * * LOW HITPOINT WARNING * * *
The wight hits you with a +0 battleaxe!
You die...
Your body crumbles into a pile of gold.

..#.###.#
#.#<....#
#<.......
####+#.#######
#............#
#.....######.#
#.....#
#.....#
#...@.#
####z## z.#
..(. >....
.......
#.......
#........


You could see 2 wights.

Vanquished Creatures
  A two-headed ogre (D:7)
  Pikel (D:6)
  Maggie (D:6)
  A shadow (D:9)
  Duvessa (D:7)
  3 ice beasts
  2 orc warriors (D:7)
  2 black bears
  2 ogres
  A centaur (D:5)
  A lemure (D:6)
  Blork the orc (D:6)
  A kobold brigand (D:6)
  3 bullfrogs
  4 scorpions
  8 wights
  Dowan (D:7)
  A howler monkey (D:6)
  9 hounds
  3 orc priests
  4 bombardier beetles
  2 jellies
  A sleepcap (D:7)
  Jessica (D:3)
  5 iguanas
  5 orc wizards
  6 gnolls
  8 adders
  A white imp (D:5)
  An ufetubus (D:6)
  A dart slug (D:2)
  15 orcs
  9 bats
  7 endoplasms
  A giant cockroach (D:1)
  2 hobgoblins (D:1)
  A quokka (D:4)
  3 frilled lizards
  8 goblins
  14 kobolds
  5 rats
147 creatures vanquished.

Notes
Turn   | Place    | Note
-------+----------+-------------------------------------------
     0 | D:1      | Sabo the Mountain Dwarf Fighter began the quest for the
                  | Orb.
     0 | D:1      | Reached XP level 1. HP: 19/19 MP: 1/1
   183 | D:1      | Found Rolila Bexa's Distillery.
   189 | D:1      | Reached XP level 2. HP: 26/26 MP: 2/2
  1114 | D:2      | Reached XP level 3. HP: 31/31 MP: 3/3
  1347 | D:2      | Found a shimmering blue altar of Sif Muna.
  1900 | D:3      | Noticed Jessica
  1911 | D:3      | Killed Jessica
  1912 | D:3      | Reached XP level 4. HP: 32/39 MP: 4/4
  2136 | D:3      | Reached skill level 1 in Polearms
  2267 | D:3      | Reached XP level 5. HP: 43/46 MP: 5/5
  2837 | D:4      | Found a shadowy altar of Dithmenos.
  2855 | D:4      | Reached skill level 2 in Polearms
  2999 | D:4      | Found Xismyesh's Magic Scroll Boutique.
  3000 | D:4      | Found Elok's Magic Scroll Emporium.
  3018 | D:4      | Found Zoppuuqogh's Antique Armour Boutique.
  3136 | D:4      | Found Heiceum's Jewellery Boutique.
  3344 | D:4      | Identified the +0 robe of Enoste {rElec rC- Will+ Dex+2}
  3460 | D:4      | Found Unkuawn's Weapon Boutique.
  3465 | D:4      | Reached skill level 5 in Armour
  3465 | D:4      | Reached XP level 6. HP: 52/52 MP: 6/6
  4032 | D:4      | Bought a glowing scale mail for 203 gold pieces
  4063 | D:4      | Bought a scroll of identify for 26 gold pieces
  4063 | D:4      | Bought a scroll of identify for 26 gold pieces
  4070 | D:5      | Entered Level 5 of the Dungeon
  4082 | D:5      | Reached skill level 3 in Polearms
  4218 | D:5      | Reached skill level 1 in Dodging
  4349 | D:5      | Found a staircase to the Ecumenical Temple.
  4360 | Temple   | Entered the Ecumenical Temple
  4473 | D:5      | Noticed a fire elemental
  4474 | D:5      | Found a stormy altar of Qazlal.
  4479 | D:5      | Noticed an air elemental
  4479 | D:5      | Noticed a water elemental
  4576 | D:5      | Reached XP level 7. HP: 59/59 MP: 7/7
  4625 | D:5      | Reached skill level 4 in Polearms
  5230 | D:6      | Reached skill level 5 in Polearms
  5426 | D:6      | Reached XP level 8. HP: 53/67 MP: 8/8
  5507 | D:6      | Noticed Blork the orc
  5512 | D:6      | Reached skill level 6 in Polearms
  5519 | D:6      | Killed Blork the orc
  5730 | D:6      | Noticed Maggie
  5746 | D:6      | Killed Maggie
  5747 | D:6      | Reached skill level 7 in Polearms
  5896 | D:6      | Found a glowing golden altar of the Shining One.
  6001 | D:6      | Noticed Pikel
  6014 | D:6      | Killed Pikel
  6015 | D:6      | Reached skill level 5 in Fighting
  6015 | D:6      | Reached skill level 5 in Shields
  6015 | D:6      | Reached XP level 9. HP: 67/74 MP: 9/9
  6281 | D:7      | Reached skill level 8 in Polearms
  6342 | D:7      | Found a blossoming altar of Fedhas.
  6634 | D:7      | Found a bloodstained altar of Trog.
  6787 | D:7      | Noticed a two-headed ogre
  6801 | D:7      | Killed a two-headed ogre
  6802 | D:7      | Reached skill level 9 in Polearms
  6905 | D:7      | Found a hide-covered altar of Uskayaw.
  7096 | D:7      | Noticed Dowan
  7097 | D:7      | Noticed Duvessa
  7111 | D:7      | Killed Dowan
  7111 | D:7      | Killed Duvessa
  7133 | D:7      | Reached skill level 10 in Polearms
  7338 | D:7      | Found a sparkling altar of Nemelex Xobeh.
  7522 | D:8      | Reached XP level 10. HP: 83/83 MP: 10/10
  7644 | D:8      | Found an opulent altar of Gozag.
  7688 | D:8      | HP: 1/76 [wight/+1 halberd (10)]
  7928 | D:8      | Became a worshipper of Gozag Ym Sagoz the Greedy
  8142 | D:8      | Found Tafyf Jungo's Antique Armour Shop.
  8650 | D:9      | Reached skill level 1 in Maces & Flails
  8650 | D:9      | Reached skill level 1 in Stealth
  8658 | D:9      | Slain by a wight

Illustrated notes

Levels and vault maps discovered:
D:1:      psy_arrival_whirlpool, layout_loops_ring, serial_shops, shop,
          minmay_misc_feat_x
D:2:      layout_basic, basic_altar, grunt_decor_clamped
D:3:      layout_loops_ring, uniq_jessica
D:4:      layout_basic, nicolae_overflow_crystal_walls, serial_shops,
          nicolae_shop_bloodbath_and_beyond, nicolae_take_the_stairs, shop,
          shop, shop, kennysheep_boxes
D:5:      layout_basic, nicolae_qazlal_style_of_elements,
          minmay_temple_entry_mist
D:6:      layout_rooms, tso_oasis_becter, uniq_blork_the_orc, uniq_pikel,
          uniq_maggie
D:7:      minmay_evil_eye, layout_rooms, lemuel_doored_altar,
          nemelex_altar_shiori, trog_hazing_becter, serial_bayou_pond_e,
          minmay_ruined_shrine, uniq_duvessa
D:8:      layout_loops_ring, mainiacjoe_overflow_concentric_impassable,
          serial_shops, nicolae_stop_n_shop_2
D:9:      layout_basic, mainiacjoe_overflow_small_starburst, lair_entry_dummy,
          nicolae_blasting_shop
Temple:   kb_temple_of_zot

Skill      XL: |  1  2  3  4  5  6  7  8  9 10 |
---------------+-------------------------------+-----
Axes           | 3 |  3.8
Armour         | 4 5 7 |  7.7
Polearms       | 1 2 3 5 7 10 | 10.3
Fighting       | 4 5 6 |  6.5
Dodging        | 1 2 3 |  3.2
Shields        | 4 5 |  5.4
Maces & Flails | 1 |  1.4
Stealth        | 1 |  1.0
Throwing       | |  0.1

Action                     |  1- 3 |  4- 6 |  7- 9 | 10-12 || total
---------------------------+-------+-------+-------+-------++-------
  Melee: War axe           |    57 |       |       |       ||    57
         Trident           |    35 |   118 |   312 |    22 ||   487
         Flail             |       |       |       |    25 ||    25
         Morningstar       |       |       |       |    23 ||    23
         Hand axe          |       |       |       |     1 ||     1
  Throw: Throwing net      |       |       |     1 |       ||     1
    Use: Scroll            |     4 |     2 |     3 |       ||     9
         Potion            |       |       |       |     4 ||     4
 Armour: Scale mail        |    71 |    65 |   115 |       ||   251
         Swamp dragon scal |       |       |   111 |    89 ||   200
  Dodge: Dodged            |    58 |    39 |   144 |    58 ||   299
  Block: Buckler           |    21 |    28 |    65 |    22 ||   136

Table legend: (Time is in decaauts)
 A = Elapsed time spent in this place.
 B = Non-inter-level travel time spent in this place.
 C = Inter-level travel time spent in this place.
 D = Time resting spent in this place.
 E = Time spent auto-exploring this place.
 F = Levels seen in this place.
 G = Mean time per level.
                   A        B        C        D        E       F      G
               +--------+--------+--------+--------+--------+-----+--------+
         Total |   8718 |   8718 |      0 |   1327 |      0 |  10 |  871.8 |
       Dungeon |   8632 |   8632 |      0 |   1327 |      0 |   9 |  959.1 |
        Temple |     85 |     85 |      0 |      0 |      0 |   1 |   85.0 |
               +--------+--------+--------+--------+--------+-----+--------+

Top non-repeatable levels by time:
     D:4: 1351 daAuts
     D:7: 1200 daAuts
     D:8: 1156 daAuts
     D:6: 1118 daAuts
     D:2: 1041 daAuts
     D:5: 927 daAuts
     D:3: 911 daAuts
     D:1: 890 daAuts
  Temple: 85 daAuts
     D:9: 33 daAuts
